 Dungeon Crawl Stone Soup version 0.30.1-4-g462c640d31 (webtiles) character file.

Game seed: 14235918104484661856

6681 Logoto the Arsonist (level 10, -8/74 HPs)
             Began as a Green Draconian Fire Elementalist on Aug 23, 2023.
             Was a Believer of Vehumet.
             Mangled by an ice beast (13 damage)
             ... summoned by Fannar
             ... on level 10 of the Dungeon.
             The game lasted 00:44:34 (14066 turns).

Logoto the Arsonist (DrFE)                         Turns: 14066, Time: 00:44:36

Health: -8/74      AC: 13    Str: 13    XL:     10   Next: 73%
Magic:  11/32      EV: 13    Int: 17    God:    Vehumet [**....]
Gold:   842        SH:  0    Dex: 12    Spells: 19/27 levels left

rFire   . . .        D - +3 flail (drain)
rCold   . . .        (no shield)
rNeg    . . .        (body armour unavailable)
rPois   +            (helmet restricted)
rElec   .            (no cloak)
rCorr   .            r - +0 pair of gloves
SInv    .            y - +0 pair of boots
Will    .....        (no amulet)
Stlth   ++           x - +4 ring of protection
HPRegen 0.32/turn    z - ring of magical power
MPRegen 0.23/turn

%: no passive effects
@: slowed, very slow
A: breathe noxious fumes, AC +7, unfitting armour, poison resistance,
cold-blooded
a: Breathe Noxious Fumes, Renounce Religion


You were on level 10 of the Dungeon.
You worshipped Vehumet.
Vehumet was pleased with you.
You visited 2 branches of the dungeon, and saw 11 of its levels.
You also visited: Ossuary and Bailey.

You collected 842 gold pieces.

Inventory:

Hand Weapons
 D - a +3 flail of draining (weapon)
 J - a +4 mace
 N - a +1 war axe
Missiles
 u - 3 throwing nets
Armour
 r - a +0 pair of gloves (worn)
 y - a +0 pair of boots (worn)
Jewellery
 x - a +4 ring of protection (left hand)
 z - a ring of magical power (right hand)
 A - a ring of see invisible
 E - an amulet of faith
 H - a ring of ice
 K - an amulet of the acrobat
 O - a ring of fire
Wands
 f - a wand of charming (6)
 n - a wand of flame (14)
 B - a wand of iceblast (8)
Scrolls
 b - a scroll of vulnerability {unknown}
 d - a scroll of fog {unknown}
 h - 5 scrolls of identify
 l - a scroll of immolation {unknown}
 m - 2 scrolls of magic mapping
 p - 2 scrolls of fear
 t - 3 scrolls of enchant weapon {unknown}
 v - 10 scrolls of teleportation
 w - 4 scrolls of poison
 C - a scroll of amnesia {unknown}
 F - 3 scrolls of enchant armour {unknown}
 G - 3 scrolls of blinking {unknown}
 P - a scroll of brand weapon {unknown}
Potions
 a - 6 potions of magic
 c - 4 potions of lignification
 e - a potion of brilliance {unknown}
 g - 4 potions of curing
 i - 4 potions of might
 j - 2 potions of mutation {unknown}
 k - 6 potions of heal wounds
 o - 5 potions of attraction {unknown}
 q - 4 potions of haste
 s - 2 potions of ambrosia
 I - a potion of resistance {unknown}
 L - a potion of flight {unknown}
 M - 3 potions of berserk rage {unknown}


   Skills:
 + Level 2.5 Fighting
 + Level 3.1(3.8) Axes
 + Level 3.0(3.7) Maces & Flails
 + Level 4.7 Dodging
 + Level 3.3 Stealth
 + Level 9.4 Spellcasting
 + Level 5.0 Conjurations
 + Level 9.8 Fire Magic
 + Level 0.1 Air Magic


You had 19 spell levels left.
You knew the following spells:

 Your Spells              Type           Power      Damage    Failure   Level
a - Foxfire               Conj/Fire      100%       2x1d9     1%          1
b - Scorch                Fire           82%        2d8       1%          2
c - Flame Wave            Conj/Fire      33%        2d10      4%          4
d - Shock                 Conj/Air       64%        1d7       3%          1

Your spell library contained the following spells:

 Spells                   Type           Power      Damage    Failure   Level
 Momentum Strike          Conj/Tloc      32%        3d8       4%          2
 Inner Flame              Hex/Fire       24%        N/A       3%          3
 Volatile Blastmotes      Fire/Tloc      48%        2d14      3%          3
 Summon Small Mammal      Summ           32%        N/A       9%          1
 Cigotuvi's Dreadful Rot  Necr/Pois/Air  16%        N/A       14%         2
 Sublimation of Blood     Necr           8%         N/A       14%         2
 Call Canine Familiar     Summ           8%         N/A       26%         3
 Ozocubu's Armour         Ice            8%         N/A       26%         3
 Summon Guardian Golem    Hex/Summ       8%         N/A       26%         3
 Anguish                  Hex/Necr       4%         N/A       65%         4
 Cause Fear               Hex            4%         N/A       65%         4
 Dispel Undead            Necr           8%         3d8       65%         4
 Petrify                  Tmut/Erth      8%         N/A       65%         4
 Irradiate                Conj/Tmut      8%         3d14      65%         5
 Metabolic Englaciation   Hex/Ice        4%         N/A       94%         5
 Death Channel            Necr           4%         N/A       100%        6
 Simulacrum               Ice/Necr       4%         N/A       100%        6
 Enfeeble                 Hex            4%         N/A       100%        7


Dungeon Overview and Level Annotations

Branches:
Dungeon (10/15)            Temple (1/1) D:6         Ossuary (visited)
 Bailey (visited)
   Lair: D:8-11         Orc: D:9-12

Altars:
Ashenzari
Cheibriados
Dithmenos
Elyvilon
Fedhas
Gozag
Hepliaklqana
Kikubaaqudgha
Makhleb
Nemelex Xobeh
Okawaru
Qazlal
Ru
Sif Muna
Trog
Uskayaw
Vehumet
Wu Jian
Xom
Yredelemnul
Zin
The Shining One

Portals:
Trove: D:10 (show slimy rune of Zot)

Annotations:
D:10 Fannar


Innate Abilities, Weirdness & Mutations

You can breathe blasts of noxious fumes.
Your lurid green scales are hard. (AC +7)
You cannot fit into any form of body armour.
Your system is resistant to poisons. (rPois)
You are cold-blooded and may be slowed by cold attacks.


Message History

* * * LOW HITPOINT WARNING * * *
You feel yourself slow down. Fannar freezes you.
* * * LOW HITPOINT WARNING * * *
The ice beast hits you but does no damage.
The ice beast misses you.
You feel much better.
Fannar gestures wildly while chanting.
The ice beast barely misses you. The ice beast hits you.
The ice beast freezes you.
Casting: Shock (safe; 3% risk of failure)
Confirm with . or Enter, or press ? or * to list all spells.
Flames lash Fannar.
Fannar is burned terribly!
Fannar is almost dead.
You feel yourself speed up.
Fannar mumbles some strange words.
Fannar blinks!
The ice beast barely misses you. Fannar gestures at you while chanting.
The bolt of cold hits you!!
* * * LOW HITPOINT WARNING * * *
The bolt of cold hits the ice beast.
The ice beast completely resists.
The ice beast closely misses you.
The ice beast hits you but does no damage.
You miss Fannar.
Your tail-slap misses Fannar.
Fannar is almost dead.
The ice beast is no longer more vulnerable to fire.
The ice beast hits you but does no damage.
Fannar says, "I shall freeze you to your soul!"
Fannar hits you with a +0 quarterstaff of freezing.
* * * LOW HITPOINT WARNING * * *
Fannar freezes you.
* * * LOW HITPOINT WARNING * * *
The ice beast barely misses you.
The ice beast hits you but does no damage.
You miss Fannar. You tail-slap Fannar, but do no damage.
Fannar is almost dead.
The ice beast hits you but does no damage.
Fannar misses you. The ice beast barely misses you. The ice beast hits you.
* * * LOW HITPOINT WARNING * * *
The ice beast freezes you!
You feel yourself slow down.
You die...

#.# #.### .
####...#
#.######......#
..........)...#
.......#.)∩)..#
.......#..)..##
.......#e....#
......Y@Y...##
......Y######
....).. #######


You could see Fannar (combustible, drained) and 3 ice beasts.

Vanquished Creatures
  Pikel (D:4)
  Maurice (D:8)
  4 yaks (D:7)
  A wraith (D:10)
  A wyvern (D:8)
  A steam dragon (D:9)
  3 water moccasins
  Edmund (D:5)
  2 orc warriors (Bailey)
  A sky beast (D:6)
  2 ogres
  3 ice beasts
  3 black bears (D:6)
  9 centaurs
  8 phantoms (D:5)
  2 bullfrogs
  A kobold brigand (D:9)
  A scorpion (D:5)
  2 water moccasin zombies (D:5)
  11 wights
  3 killer bees (D:7)
  A crimson imp (D:6)
  2 howler monkeys
  2 bullfrog zombies (D:5)
  An orc priest (D:3)
  5 jellies
  A gnoll bouda (D:7)
  3 hounds
  An iguana (D:4)
  6 orc wizards
  A sleepcap (D:6)
  A killer bee zombie (D:5)
  A hound zombie (D:5)
  9 mummies
  10 gnolls
  8 adders
  An ufetubus (D:5)
  5 worms
  2 dart slugs
  21 orcs
  16 endoplasms
  8 giant cockroaches
  2 gnoll zombies (Ossuary)
  15 goblins
  14 hobgoblins
  3 quokkas
  6 ball pythons
  6 bats
  5 frilled lizards
  5 hobgoblin zombies
  30 kobolds
  3 kobold zombies
  2 orc zombies
  8 rats
265 creatures vanquished.

Vanquished Creatures (collateral kills)
  3 foxfires (D:5)
3 creatures vanquished.

Vanquished Creatures (others)
  759 foxfires
759 creatures vanquished.

Grand Total: 1027 creatures vanquished

Notes
Turn   | Place    | Note
-------+----------+-------------------------------------------
     0 | D:1      | Logoto the Draconian Fire Elementalist began the quest for
                  | the Orb.
     0 | D:1      | Reached XP level 1. HP: 14/14 MP: 3/3
    84 | D:1      | You fall into a shaft and drop 1 floor!
   280 | D:2      | Reached XP level 2. HP: 20/20 MP: 5/5
   283 | D:2      | Learned a level 2 spell: Scorch
   769 | D:1      | Reached XP level 3. HP: 24/26 MP: 1/6
   925 | D:1      | Reached skill level 1 in Maces & Flails
  1433 | D:2      | Found a faded altar of an unknown god.
  1651 | D:2      | Reached XP level 4. HP: 34/34 MP: 1/7
  2190 | D:3      | Identified the +0 robe of Claustrophobia {SInv}
  2235 | D:3      | Reached skill level 1 in Fighting
  2671 | D:3      | Reached skill level 1 in Axes
  2712 | D:3      | Reached XP level 5. HP: 40/40 MP: 1/8
  4008 | D:4      | Noticed an ice beast
  4115 | D:4      | Reached XP level 6. HP: 45/47 MP: 10/10
  4675 | D:4      | Killed an ice beast
  5138 | D:4      | Your scales start taking on a lurid green colour.
  5138 | D:4      | Reached XP level 7. HP: 53/53 MP: 12/12
  5138 | D:4      | Gained mutation: Your system is resistant to poisons.
                  | (rPois) [Green Draconian growth]
  5542 | D:5      | Entered Level 5 of the Dungeon
  5564 | D:5      | Reached skill level 5 in Fire Magic
  5934 | D:5      | Found a hide-covered altar of Uskayaw.
  5953 | D:5      | Identified the +0 pair of gloves of Tapusef {rElec rF-
                  | Dex-5 Stlth+}
  5968 | D:5      | Reached XP level 8. HP: 61/61 MP: 15/15
  5973 | D:5      | Reached skill level 5 in Spellcasting
  6049 | D:5      | Learned a level 4 spell: Flame Wave
  6447 | D:5      | Found a white marble altar of Elyvilon.
  6463 | D:5      | Noticed Edmund
  6481 | D:5      | Killed Edmund
  6911 | D:5      | Noticed Pikel
  6966 | D:4      | Killed Pikel
  6967 | D:4      | Reached XP level 9. HP: 56/67 MP: 17/19
  7078 | D:5      | Found an iron altar of Okawaru.
  7534 | D:6      | Found a staircase to the Ecumenical Temple.
  7549 | Temple   | Entered the Ecumenical Temple
  7556 | Temple   | Became a worshipper of Vehumet
  8297 | D:6      | Reached * piety under Vehumet
  8297 | D:6      | Offered knowledge of Shock by Vehumet.
  8314 | D:6      | Learned a level 1 spell: Shock
  8908 | D:6      | Found a shimmering altar of Xom.
  8908 | D:6      | Found a burning altar of Makhleb.
  9869 | D:7      | Found a sand-covered staircase.
  9878 | Ossuary  | Entered an ossuary
 10132 | Ossuary  | Reached ** piety under Vehumet
 10132 | Ossuary  | Offered knowledge of Poisonous Vapours by Vehumet.
 10578 | D:7      | Reached XP level 10. HP: 39/74 MP: 22/22
 12132 | D:8      | Noticed Maurice
 12152 | D:8      | Killed Maurice
 12604 | D:8      | Noticed a lindwurm
 12619 | D:8      | Noticed a lindwurm
 12635 | D:8      | Noticed a lindwurm
 12666 | D:9      | Identified the +7 chain mail "Imutier" {Int+3}
 12742 | D:9      | Identified the +1 robe of the Turtledove {+Inv}
 12855 | D:9      | Found a stormy altar of Qazlal.
 12879 | D:9      | Reached skill level 5 in Conjurations
 12977 | D:9      | Found a bloodstained altar of Trog.
 13566 | D:10     | Entered Level 10 of the Dungeon
 13591 | D:10     | Found a portal to a secret trove of treasure.
 13707 | D:10     | Found a flagged portal.
 13787 | Bailey   | Entered a bailey
 13792 | Bailey   | Noticed an orc warlord
 13930 | Bailey   | Found a runed translucent gate.
 13931 | Bailey   | Found a runed translucent gate.
 13937 | Bailey   | Found a runed translucent gate.
 13944 | Bailey   | Offered knowledge of Momentum Strike by Vehumet.
 14041 | D:10     | Noticed Fannar
 14066 | D:10     | Mangled by an ice beast

Illustrated notes

Levels and vault maps discovered:
D:1:      dpeg_arrival_round_c, layout_basic, minmay_tromino_i2
D:2:      layout_basic, ebering_ecumenical_altar_mist
D:3:      cheibrodos_fertilizer, layout_basic, columned_hall_lemuel,
          eino_tiny_chamber, patterned_corridor
D:4:      kennysheep_six_static_rooms, layout_loops_corners
D:5:      layout_cave_pods, nicolae_uskayaw_murder_on_the_dancefloor,
          okawaru_altar_gauntlet_db, general_overflow_altar, serial_undead,
          serial_undead_b, serial_undead_a, serial_undead_c, serial_undead_c,
          gup_sewer_entry_bowl, nicolae_kite_square_tiling_tiny,
          minmay_hedge_maze, uniq_pikel, uniq_edmund
D:6:      layout_layer_cave, grunt_temple_overflow_champion_of_chaos,
          minmay_temple_entry_purple_smoke, serial_rivers,
          chequers_serial_rivers_small_a, chequers_serial_rivers_small_b,
          chequers_serial_rivers_micro_d, chequers_serial_rivers_room_a,
          chequers_serial_rivers_marsh, chequers_serial_rivers_micro_b,
          minmay_mini_ossuary
D:7:      layout_basic, lightli_ossuary_entry_decrepit_ruins, centaur_isle
D:8:      layout_cave_pools, minmay_lindwurm_lava, uniq_maurice
D:9:      layout_loops_ring, lemuel_round_altar,
          nicolae_qazlal_general_emergency
D:10:     nicolae_cairo_tiling_very_big, layout_rooms, enter_bailey_2,
          nicolae_trove_entry_crossroad, uniq_grum, uniq_sonja, uniq_fannar,
          uniq_snorg
Temple:   nicolae_temple_no_exploring_needed

Skill      XL: |  1  2  3  4  5  6  7  8  9 10 |
---------------+-------------------------------+-----
Dodging        | 2 3 4 |  4.7
Maces & Flails | 1 2 3 |  3.0
Stealth        | 2 3 |  3.3
Fighting       | 1 2 |  2.5
Axes           | 1 2 3 |  3.1
Fire Magic     | 4 5 6 8 9 |  9.8
Conjurations   | 2 3 4 5 |  5.0
Spellcasting   | 3 4 6 8 9 |  9.4
Air Magic      | |  0.1

Action                     |  1- 3 |  4- 6 |  7- 9 | 10-12 || total
---------------------------+-------+-------+-------+-------++-------
  Melee: Mace              |    68 |       |       |       ||    68
         Tailslap          |    12 |    19 |    18 |     5 ||    54
         Hand axe          |    24 |   148 |    62 |       ||   234
         Flail             |       |       |    86 |    33 ||   119
         Punch             |       |       |     1 |     1 ||     2
   Cast: Foxfire           |    52 |    47 |   229 |   164 ||   492
         Scorch            |     3 |    26 |    69 |    47 ||   145
         Shock             |       |       |    15 |     6 ||    21
    Use: Scroll            |       |     3 |     6 |       ||     9
         Potion            |       |       |       |     1 ||     1
   Stab: Sleeping          |     5 |     5 |     2 |       ||    12
         Distracted        |       |       |       |     1 ||     1
 Armour: Skin              |    27 |    66 |   144 |    62 ||   299
  Dodge: Dodged            |    67 |   131 |   185 |   116 ||   499
